 Dungeon Crawl Stone Soup version 0.15.2 (webtiles) character file.

50 MordorOrchid the Sneak (level 3, -2/28 HPs)
             Began as a Spriggan Berserker on Dec 6, 2020.
             Was a Believer of Trog.
             Slain by a hobgoblin
             ... wielding a +0 club
              (5 damage)
             ... on Level 2 of the Dungeon.
             The game lasted 00:02:33 (1232 turns).

MordorOrchid the Sneak (Spriggan Berserker)         Turns: 1232, Time: 00:02:34

HP  -2/28        AC  2     Str 19      XL: 3   Next: 55%
MP   6/6         EV 19     Int  8      God: Trog [**....]
Gold 63          SH  0     Dex 15      Spells:  0 memorised,  2 levels left

rFire  . . .     SeeInvis +     a - +0 short sword
rCold  . . .     Clarity  .     b - +0 animal skin
rNeg   . . .     rCorr    .     (shield restricted)
rPois  .         rRot     .     (helmet restricted)
rElec  .         Spirit   .     (no cloak)
SustAb +         Warding  .     (gloves unavailable)
rMut   .         Stasis   .     (boots unavailable)
Gourm  .                        (no amulet)
MR     .....                    (no ring)
                                h - ring of sustain abilities

@: berserking (expiring), lethally poisoned, very quick, not resistant to
hostile enchantments, extremely unstealthy
A: unfitting armour, see invisible, herbivore 3, speed 3, slow metabolism 2
a: Burn Spellbooks, Berserk, Trog's Hand, Renounce Religion


You were on level 2 of the Dungeon.
You worshipped Trog.
Trog was pleased with you.
You were full.

You visited 1 branch of the dungeon, and saw 2 of its levels.

You collected 63 gold pieces.

Inventory:

Hand weapons
 a - a +0 short sword (weapon)
Armour
 b - a +0 animal skin (worn)
Scrolls
 d - 2 scrolls of random uselessness
 e - a scroll of amnesia {unknown}
 g - a scroll of identify {unknown}
 i - a scroll of teleportation {unknown}
 k - a scroll of fear {unknown}
Jewellery
 h - a ring of sustain abilities (left hand)
Potions
 c - a potion of porridge
Books
 l - a Necronomicon {highlevel, unknown}

   This book is beyond your current level of understanding.

   Spells                             Type                      Level
   Haunt                              Necromancy/Summoning         7
   Borgnjor's Revivification          Necromancy                   8
   Death's Door                       Charms/Necromancy            8
   Necromutation                      Transmutation/Necromancy     8
   Trog disapproves of the use of such an item.


   Skills:
 - Level 2.4 Fighting
 - Level 3.2 Short Blades
 - Level 4.8 Dodging
 + Level 5.2 Stealth


You had 2 spell levels left.
You didn't know any spells.

Dungeon Overview and Level Annotations

Branches:
Dungeon (2/15)

Altars:
Fedhas


Innate Abilities, Weirdness & Mutations

You are tiny and cannot use many weapons and most armour.
You have supernaturally acute eyesight.
You are a herbivore.
You cover ground extremely quickly.
You need consume almost no food.


Message History

You kill the adder!
Trog accepts your kill.
Your Stealth skill increases to level 5!
The hobgoblin closely misses you. The adder bites you.
You closely miss the adder. The hobgoblin completely misses you.
The adder bites you.
* * * LOW HITPOINT WARNING * * *
You closely miss the adder. The adder closely misses you.
The hobgoblin closely misses you.
You barely miss the adder.
You feel sick. The adder barely misses you.
Unknown command.
You barely miss the adder. The hobgoblin misses you.
You barely miss the adder. The adder bites you.
* * * LOW HITPOINT WARNING * * *
You puncture the adder!
You kill the adder!
Trog accepts your kill. The hobgoblin hits you with a club.
You die...

################ #..............#
#.############.############ ##
#.# ###...............) #.#
######.g.......####.##S# #.#
#......@)...##.##.......
####.#####.####.####.......#.#..#
..(.....##.# #.# ####.####.g#.#
.....##.##.# #.# #.# #.###.
#..........# #.# #S####g.# #
#.#####.#### #.# #......#.# ..#
#.# #.# ########.# .## ..# #.# #
_ ...# #.#


You could see a hobgoblin.

Vanquished Creatures
  2 adders (D:2)
  A worm (D:2)
  3 giant geckos
  2 oozes (D:1)
  2 giant cockroaches
  3 goblins
  2 hobgoblins (D:1)
  3 bats
  A giant newt (D:1)
  3 kobolds (D:1)
  2 rats (D:1)
24 creatures vanquished.

Notes
Turn   | Place    | Note
--------------------------------------------------------------
     0 | D:1      | MordorOrchid, the Spriggan Berserker, began the quest for the Orb.
     0 | D:1      | Reached XP level 1. HP: 11/11 MP: 2/2
    42 | D:1      | Reached skill level 1 in Stealth
   237 | D:1      | Reached XP level 2. HP: 11/16 MP: 4/4
  1112 | D:2      | Found a blossoming altar of Fedhas.
  1137 | D:2      | Acquired Trog's second power
  1151 | D:2      | Reached XP level 3. HP: 19/19 MP: 6/6
  1225 | D:2      | Reached skill level 5 in Stealth
  1232 | D:2      | Slain by a hobgoblin

Action                   || total
-------------------------++-------
Melee: Short sword       ||    79
Invok: Berserk           ||     4
  Use: Scroll            ||     2
       Potion            ||     1
 Stab: Sleeping          ||     1
  Eat: Bread ration      ||     1
